AoeStats
← Generalen95

Arena

510140813Analyzed
3v3 RM · 3d ago on Sep 29, 2026· 47m 17s· 6 players
Game mode
Random Map
Map size
Normal (6 player)
Population
200
Speed
Normal
Resources
Standard
Victory
Conquest
Starting age
Dark Age
Ending age
Imperial Age
RankedLock teamsTeams togetherTeam positionsShared explorationLock speedFull tech treeHidden civsTurbo modeCheats
Victory
Defeat
🇦🇹 Cumans · Austria
715
+7
🇦🇹 Spanish · Austria
592
+10
🇦🇹 Sicilians · Austria
590
+11
🇸🇪 Varangians · Sweden
517
-10
🇫🇷 Wu · France
456
-9
🇸🇪 Byzantines · Sweden
436
-8
Generalen95
11:01 Feudal Age
11:27 Double-Bit Axe
12:21 Wheelbarrow
11:29 Horse Collar
12:12 Gold Mining
12:14 Stone Mining
24:06 Castle Age
22:40 Arson
24:38 Pikeman
25:04 Gambesons
25:20 Squires
25:31 Heavy Plow
25:46 Bow Saw
30:05 Imperial Age
30:11 Imperial Age
29:54 Forging
29:50 Scale Barding Armor
29:46 Scale Mail Armor
29:47 Padded Archer Armor
29:38 Fletching
Ronny. F Sweden
0:47 Loom
13:48 Feudal Age
14:18 Town Watch
15:08 Wheelbarrow
14:20 Double-Bit Axe
14:18 Horse Collar
19:52 Castle Age
18:16 Gold Mining
18:17 Stone Mining
17:56 Man-at-Arms
18:22 Arson
19:52 Padded Archer Armor
19:42 Fletching
20:02 Forging
19:53 Scale Mail Armor
19:58 Scale Barding Armor
Code:Sn1p3r
14:07 Feudal Age
25:16 Padded Archer Armor
27:37 Castle Age
Äitsch Pee
11:53 Feudal Age
12:07 Loom
14:03 Wheelbarrow
13:10 Horse Collar
13:51 Double-Bit Axe
18:10 Fletching
18:20 Padded Archer Armor
26:51 Castle Age
26:57 Castle Age
27:11 Crossbowman
27:58 Thumb Ring
27:54 Bodkin Arrow
27:22 Capped Ram
31:00 Leather Archer Armor
33:27 Hand Cart
33:17 Heavy Plow
Inquisitor Mendoza
5:41 Loom
13:36 Feudal Age
14:47 Town Watch
14:53 Double-Bit Axe
15:09 Horse Collar
16:05 Stone Mining
18:23 Wheelbarrow
19:12 Man-at-Arms
23:09 Castle Age
23:45 Long Swordsman
24:28 Scale Mail Armor
24:38 Forging
24:30 Gold Mining
27:39 Squires
28:16 Iron Casting
27:56 Chain Mail Armor
27:52 Gambesons
28:00 Arson
28:59 Town Patrol
30:53 Stone Shaft Mining
31:01 Caravan
34:50 Ballistics
36:25 Masonry
36:10 Murder Holes
38:00 Bow Saw
38:11 Heavy Plow
42:16 Imperial Age
40:03 Hand Cart
43:43 Conscription
45:27 Blast Furnace
44:58 Plate Mail Armor
44:35 Scale Barding Armor
44:21 Fletching
44:31 Padded Archer Armor
45:11 Two-Handed Swordsman
45:12 Pikeman
46:34 Architecture
47:05 Chemistry
grugru12.gru
14:18 Feudal Age
14:45 Horse Collar
15:44 Double-Bit Axe
25:31 Castle Age
24:35 Scale Mail Armor
24:49 Forging
26:19 Pikeman
28:12 Gold Mining
28:14 Stone Mining
28:30 Heavy Plow
28:56 Chain Mail Armor
28:47 Padded Archer Armor
31:14 Squires
31:00 Gambesons
30:36 Man-at-Arms
37:03 Imperial Age
36:41 Iron Casting
35:47 Long Swordsman
42:48 Two-Handed Swordsman
45:53 Plate Mail Armor
Connection lost

Rejoining the realm…

Still unreachable

The connection could not be restored.

Session expired

The server has moved on; the page needs a fresh start.